 Dungeon Crawl Stone Soup version 0.27.1-33-g824d729ab1 (webtiles) character file.

Game seed: 7557662563430657788

46 bpung the Skirmisher (level 3, 0/24 HPs)
             Began as a Gargoyle Fighter on Dec 1, 2021.
             Frozen to death by an endoplasm (4 damage)
             ... on level 2 of the Dungeon.
             The game lasted 00:02:02 (1506 turns).

bpung the Skirmisher (Gargoyle Fighter)             Turns: 1506, Time: 00:02:02

Health: 0/24       AC: 10    Str: 20    XL:     3   Next: 66%
Magic:  3/3        EV:  7    Int:  8    God:
Gold:   115        SH:  9    Dex:  9    Spells: 2/2 levels left

rFire    . . .     SeeInvis .   a - +0 flail
rCold    . . .     Faith    .   c - +0 kite shield
rNeg     + . .     Spirit   .   b - +0 scale mail
rPois    ∞         Reflect  .   (no helmet)
rElec    +         Harm     .   (no cloak)
rCorr    .         Rampage  .   (no gloves)
Will     .....                  (no boots)
Stlth    ..........             (no amulet)
HPRegen  0.08/turn              (no ring)
MPRegen  0.08/turn              (no ring)

@: no status effects
A: sickness immunity, AC +3, negative energy resistance 1, electricity
resistance, torment resistance 1, petrification resistance
a: no special abilities


You were on level 2 of the Dungeon.
You visited 1 branch of the dungeon, and saw 2 of its levels.

You collected 115 gold pieces.

Inventory:

Hand Weapons
 a - a +0 flail (weapon)
Armour
 b - a +0 scale mail (worn)
 c - a +0 kite shield (worn)
Scrolls
 e - a scroll of enchant weapon {unknown}
 f - a scroll of immolation {unknown}
 g - 2 scrolls of teleportation {unknown}
 h - a scroll of fog {unknown}
 k - a scroll of holy word {unknown}
 l - a scroll of identify {unknown}
Potions
 d - a potion of might
 i - a potion of cancellation {unknown}
 j - a potion of haste {unknown}


   Skills:
 + Level 3.8 Fighting
 + Level 2.5 Maces & Flails
 + Level 3.7 Armour
 + Level 3.7 Shields


You had 2 spell levels left.
You didn't know any spells.
Your spell library was empty.

Dungeon Overview and Level Annotations

Branches:
Dungeon (2/15)

Altars:

Shops:
D:2 (


Innate Abilities, Weirdness & Mutations

You are immune to sickness and miasma.
Your stone body is resilient. (AC +3)
You are immune to poison.
You resist negative energy. (rN+)
You are resistant to electric shocks. (rElec)
You are resistant to unholy torment.
You are immune to petrification.


Message History

a +0 short sword; 2 stones An endoplasm comes into view.
The endoplasm quivers.
A kobold comes into view. It is wielding a +0 short sword.
The kobold shouts!
The endoplasm freezes you.
You are frozen.
You hit the endoplasm.
The endoplasm is heavily wounded.
The endoplasm barely misses you. The kobold barely misses you.
The endoplasm freezes you.
You are frozen.
You closely miss the kobold.
The kobold hits you with a +0 short sword.
The endoplasm barely misses you. The kobold closely misses you.
You barely miss the kobold. The endoplasm freezes you.
You are frozen.
The kobold hits you with a +0 short sword.
The endoplasm freezes you.
You are frozen.
You closely miss the kobold. You block the kobold's attack.
The endoplasm barely misses you. The kobold hits you but does no damage.
You hit the endoplasm.
The endoplasm is severely wounded.
The endoplasm freezes you.
You are frozen.
* * * LOW HITPOINT WARNING * * *
The endoplasm freezes you.
You are frozen.
* * * LOW HITPOINT WARNING * * *
You barely miss the endoplasm.
The endoplasm is severely wounded.
The endoplasm hits you but does no damage.
Unknown command.
You hit the endoplasm.
The endoplasm is almost dead.
The endoplasm freezes you.
You are frozen.
You die...

######## .##
###......# ....
........# .....
#.###..########
......##.KJ@.........#
..........##..######.#
...........#.)# #.#
..............#
##.#######
.....###.######
#........# ##### #.#
#..#####.# #.# #..###
#.# #+# #..).###.#
#........#


You could see an endoplasm and a kobold.

Vanquished Creatures
  An adder (D:2)
  3 dart slugs (D:1)
  3 bats (D:1)
  An endoplasm (D:1)
  2 giant cockroaches (D:1)
  A goblin (D:2)
  2 hobgoblins (D:1)
  2 jackals (D:2)
  2 kobolds (D:2)
  2 quokkas
  4 ball pythons
  3 frilled lizards
  5 rats
31 creatures vanquished.

Notes
Turn   | Place    | Note
-------+----------+-------------------------------------------
     0 | D:1      | bpung the Gargoyle Fighter began the quest for the Orb.
     0 | D:1      | Reached XP level 1. HP: 14/14 MP: 1/1
   201 | D:1      | Reached XP level 2. HP: 19/19 MP: 2/2
   464 | D:1      | Found a faded altar of an unknown god.
   590 | D:1      | Reached XP level 3. HP: 23/23 MP: 3/3
  1213 | D:2      | Found Gobab's Antique Weapon Boutique.
  1506 | D:2      | Frozen to death by an endoplasm

Illustrated notes

Levels and vault maps discovered:
D:1:      scummos_arrival_simple_fountains, layout_loops_ring,
          ebering_ecumenical_altar_mist, minmay_misc_feat_tower
D:2:      layout_loops_corners, serial_shops, nicolae_shop_overgrown_old_shop,
          uniq_robin

Action                   || total
-------------------------++-------
Melee: Flail             ||   130
Armor: Scale mail        ||    82
Dodge: Dodged            ||    48
Block: Kite shield       ||    88
